 Dungeon Crawl Stone Soup version 0.30.1-4-g462c640d31 (webtiles) character file.

Game seed: 8775952482401368119

226 Wobber the Caller (level 5, -4/22 HPs)
             Began as a Felid Summoner on Sept 2, 2023.
             Killed from afar by Ijyb (22 damage)
             ... with a bolt of light
             ... on level 4 of the Dungeon.
             The game lasted 00:20:37 (4496 turns).

Wobber the Caller (Felid Summoner)                  Turns: 4496, Time: 00:20:38

Health: -4/22      AC:  2    Str:  8 (10) XL:     5   Next: 69%
Magic:  3/12       EV: 18    Int: 16 (18) God:
Gold:   121        SH:  0    Dex: 14 (17) Spells: 3/12 levels left
                                        Lives:  0   Deaths: 1

rFire   . . .        (weapon unavailable)
rCold   . . .        (shield unavailable)
rNeg    . . .        (body armour unavailable)
rPois   .            (helmet unavailable)
rElec   .            (cloak unavailable)
rCorr   .            (gloves unavailable)
SInv    +            (boots unavailable)
Will    +....        (no amulet)
Stlth   ++           f - +6 ring of strength
HPRegen 0.23/turn    h - ring of willpower
MPRegen 0.13/turn

%: no passive effects
@: attractive, quick
A: very small, claws 1, fangs 3, see invisible, speed 1, shaggy fur 2, stealthy
paws, no weapons or thrown items, no armour, multi-lived
a: no special abilities


You were on level 4 of the Dungeon.
You visited 1 branch of the dungeon, and saw 4 of its levels.

You collected 121 gold pieces.

Inventory:

Jewellery
 f - a +6 ring of strength (left paw)
 h - a ring of willpower (right paw)
 l - a ring of protection from fire
Scrolls
 b - a scroll of enchant armour {unknown}
 c - a scroll of immolation {unknown}
 e - a scroll of amnesia {unknown}
 k - a scroll of noise {unknown}
 o - a scroll of blinking {unknown}
 p - a scroll of teleportation {unknown}
Potions
 a - a potion of magic
 d - a potion of degeneration
 g - a potion of cancellation
 i - 2 potions of mutation
 j - a potion of brilliance


   Skills:
 + Level 2.2 Fighting
 + Level 4.2 Dodging
 - Level 2.6 Stealth
 + Level 4.0 Spellcasting
 + Level 3.2 Hexes
 + Level 5.5 Summonings


You had 3 spell levels left.
You knew the following spells:

 Your Spells              Type           Power      Damage    Failure   Level
a - Summon Small Mammal   Summ           80%        N/A       1%          1
b - Call Imp              Summ           40%        N/A       2%          2
c - Call Canine Familiar  Summ           20%        N/A       5%          3
d - Summon Guardian Gole  Hex/Summ       17%        N/A       9%          3

Your spell library contained the following spells:

 Spells                   Type           Power      Damage    Failure   Level
 Summon Lightning Spire   Summ/Air       12%        N/A       47%         4


Dungeon Overview and Level Annotations

Branches:
Dungeon (4/15)
 Temple: D:4-7

Altars:
Sif Muna

Annotations:
D:4 Dowan, Ijyb


Innate Abilities, Weirdness & Mutations

You have sharp claws.
You have razor-sharp teeth.
You have supernaturally acute eyesight. (SInv)
You cover ground quickly. (Speed+)
You are covered in thick fur. (AC +2)
Your paws help you pounce on unaware monsters.
You are incapable of wielding weapons or throwing items.
You cannot wear armour.
You gain extra lives every three experience levels.


Message History

You scratch Ijyb but do no damage.
Your hound bites Ijyb but does no damage.
Ijyb screams, "You nasty!
Big nasty!"
Ijyb misses you.
Your hound bites Ijyb.
Casting: Call Canine Familiar (quite dangerous; 5% risk of failure)
Confirm with . or Enter, or press ? or * to list all spells.
A tiny devil pulls itself out of the air.
Ijyb misses you.
Your hound misses Ijyb. You scratch Ijyb but do no damage.
Ijyb is lightly wounded.
Your hound completely misses Ijyb.
The ball python misses you. The ball python grabs you.
The ball python constricts you. Ijyb hits you with a +0 club.
Your hound bites Ijyb but does no damage.
Your cerulean imp hits Ijyb but does no damage.
The ball python barely misses you. The ball python constricts you.
You escape the ball python's grasp.
Ijyb throws a stone.
The stone hits your cerulean imp but does no damage.
Your hound bites Ijyb.
Your cerulean imp barely misses Ijyb.
Your hound closely misses Ijyb.
The ball python closely misses your cerulean imp.
The ball python barely misses your cerulean imp.
Ijyb zaps a wand.
The bolt of light hits your cerulean imp!!
Your cerulean imp dies!
Your cerulean imp disappears in a puff of smoke!
The bolt of light misses you. Ijyb is attracted toward you.
You barely miss Ijyb. You bite Ijyb, but do no damage.
Ijyb is moderately wounded.
Ijyb barely misses you.
Your hound bites Ijyb but does no damage.
Casting: Call Imp (safe; 2% risk of failure)
Confirm with . or Enter, or press ? or * to list all spells.
A tiny devil pulls itself out of the air.
The ball python bites you but does no damage.
The ball python misses you.
Your hound bites Ijyb but does no damage.
Ijyb zaps a wand.
The bolt of light hits you!!
Ouch! That really hurt!
You die...

# #...###..<#....##
##..###..# #
##...>...###...## ##..##
##.. #
##...†...###.÷..####..## #..
####[...................##
##..
##..####..............!..###
#... ####
##..................#..###
#......§5h....########
#..#####gS....# ##.##
#@.##..# #.## #.#####.# ###
### ##


You could see Ijyb (ally target), a ball python (ally target), a friendly hound
(summoned) and a friendly cerulean imp (summoned).

Vanquished Creatures
  2 goblins
  A hobgoblin (D:4)
  2 kobolds (D:1)
  2 quokkas
7 creatures vanquished.

Vanquished Creatures (collateral kills)
  2 scorpions (D:4)
  An orc priest (D:3)
  A sleepcap (D:4)
  An iguana (D:4)
  2 gnolls (D:4)
  3 adders
  2 ufetubi
  2 dart slugs
  4 orcs (D:3)
  5 ball pythons
  An endoplasm (D:2)
  4 giant cockroaches
  3 goblins
  3 hobgoblins
  A bat (D:2)
  2 frilled lizards (D:1)
  5 kobolds
  5 rats
47 creatures vanquished.

Vanquished Creatures (others)
  Duvessa (D:4)
  2 gnolls (D:4)
  A giant cockroach (D:4)
4 creatures vanquished.

Grand Total: 58 creatures vanquished

Notes
Turn   | Place    | Note
-------+----------+-------------------------------------------
     0 | D:1      | Wobber the Felid Summoner began the quest for the Orb.
     0 | D:1      | Reached XP level 1. HP: 7/7 MP: 4/4
   382 | D:1      | Reached XP level 2. HP: 11/11 MP: 0/6
   437 | D:1      | Learned a level 2 spell: Call Imp
  1582 | D:2      | Reached XP level 3. HP: 14/14 MP: 6/8
  1899 | D:2      | Found a shimmering blue altar of Sif Muna.
  2185 | D:2      | Learned a level 3 spell: Call Canine Familiar
  2535 | D:3      | Reached XP level 4. HP: 18/18 MP: 5/9
  2585 | D:3      | Found a faded altar of an unknown god.
  2597 | D:3      | Learned a level 3 spell: Summon Guardian Golem
  3420 | D:4      | Noticed Ijyb
  3557 | D:4      | Reached skill level 1 in Hexes
  3557 | D:4      | Reached skill level 5 in Summonings
  3698 | D:4      | Reached skill level 1 in Fighting
  3698 | D:4      | Reached XP level 5. HP: 22/22 MP: 4/11
  3843 | D:4      | Noticed Duvessa
  3844 | D:4      | Noticed Dowan
  3871 | D:4      | Killed Duvessa
  3872 | D:4      | Gained mutation: You are covered in thick fur. (AC +2)
                  | [Felid growth]
  3872 | D:4      | Reached XP level 6. HP: 26/26 MP: 3/12
  4293 | D:4      | Killed from afar by Ijyb
  4294 | D:4      | Reached XP level 5. HP: -3/22 MP: 8/12
  4496 | D:4      | Killed from afar by Ijyb

Illustrated notes

Levels and vault maps discovered:
D:1:      dpeg_arrival_renting, layout_basic, minivault_24, roderic_lattice_a
D:2:      layout_basic, basic_altar
D:3:      layout_loops_ring, ebering_ecumenical_altar_rust
D:4:      layout_layer_cave, lemuel_tele_altar, uniq_ijyb, uniq_duvessa

Skill      XL: |  1  2  3  4  5  6 |
---------------+-------------------+-----
Spellcasting   | 3 4 |  4.0
Dodging        | 3 4 |  4.2
Hexes          | 1 2 3 |  3.2
Summonings     | 5 |  5.5
Fighting       | 1 2 |  2.2
Stealth        | |  2.6

Action                     |  1- 3 |  4- 6 || total
---------------------------+-------+-------++-------
  Melee: Unarmed           |     8 |    23 ||    31
         Bite              |       |     2 ||     2
   Cast: Summon Small Mamm |    36 |     8 ||    44
         Call Imp          |    10 |    16 ||    26
         Call Canine Famil |       |    16 ||    16
         Summon Guardian G |       |     2 ||     2
    Use: Scroll            |     1 |     1 ||     2
         Potion            |       |     3 ||     3
 Armour: Skin              |       |     2 ||     2
  Dodge: Dodged            |    14 |    31 ||    45
